 Dungeon Crawl Stone Soup version 0.22.1-2-g9c5b331 (webtiles) character file.

170 SilentRunner the Conjurer (level 5, -2/35 HPs)
             Began as a Human Conjurer on Dec 19, 2018.
             Was a Follower of Sif Muna.
             Slain by an orc
             ... wielding a +0 morningstar
              (11 damage)
             ... on level 3 of the Dungeon.
             The game lasted 00:29:24 (3075 turns).

SilentRunner the Conjurer (Human Conjurer)          Turns: 3075, Time: 00:29:24

Health: -2/35      AC:  3    Str:  9    XL:     5   Next: 80%
Magic:  9/9        EV: 28    Int: 16    God:    Sif Muna [*.....]
Gold:   127        SH:  0    Dex: 13    Spells: 6/9 levels left

rFire    . . .     SeeInvis +   l - +1 short sword (drain)
rCold    . . .     Gourm    .   (no shield)
rNeg     . . .     Faith    .   f - +1 robe
rPois    .         Spirit   .   (no helmet)
rElec    .         Reflect  .   (no cloak)
rCorr    .         Harm     .   (no gloves)
MR       .....                  (no boots)
Stlth    ++........             h - amulet of the acrobat
HPRegen  0.11/turn              m - ring of see invisible
MPRegen  0.11/turn              a - ring of flight

@: no status effects
A: no striking features
a: Divine Energy, Renounce Religion, Evoke Flight


You were on level 3 of the Dungeon.
You worshipped Sif Muna.
Sif Muna was aware of your devotion.
You were not hungry.

You visited 1 branch of the dungeon, and saw 3 of its levels.

You collected 127 gold pieces.

Inventory:

Hand Weapons
 l - a +1 short sword of draining (weapon)
Missiles
 e - 43 stones (quivered)
 o - 6 poisoned needles
 u - 9 bolts
 w - 5 needles of sleeping
Armour
 f - a +1 robe (worn)
Jewellery
 a - a ring of flight (right hand)
 b - an uncursed ring of wizardry
 h - an amulet of the acrobat (around neck)
 m - a ring of see invisible (left hand)
Wands
 p - a wand of digging (17)
 t - a wand of paralysis (8)
Scrolls
 d - 4 scrolls of teleportation {unknown}
 g - 2 scrolls of remove curse {unknown}
 k - a scroll of identify {unknown}
 s - a scroll of noise {unknown}
Potions
 i - a potion of invisibility {unknown}
 j - 2 potions of mutation {unknown}
 r - a potion of cancellation {unknown}
Comestibles
 c - 6 rations


   Skills:
 + Level 0.3 Fighting
 + Level 1.7 Short Blades
 + Level 2.4 Dodging
 + Level 2.8 Stealth
 + Level 2.7 Spellcasting
 + Level 5.2 Conjurations
 + Level 0.1 Evocations


You had 6 spell levels left.
You knew the following spells:

 Your Spells              Type           Power        Failure   Level  Hunger
a - Magic Dart            Conj           ###.         2%          1    #......
b - Searing Ray           Conj           ###...       3%          2    ##.....

Your spell library contained the following spells:

 Spells                   Type           Power        Failure   Level  Hunger
 Conjure Flame            Conj/Fire      ##......     21%         3    ###....
 Dazzling Spray           Conj/Hex       ##....       21%         3    ###....
 Iskenderun's Mystic Bla  Conj           ###.....     22%         4    #####..
 Blink                    Tloc           N/A          28%         2    ##.....
 Call Imp                 Summ           #.......     28%         2    ##.....
 Slow                     Hex            #.......     28%         2    ##.....
 Mephitic Cloud           Conj/Pois/Air  #.......     28%         3    ###....
 Force Lance              Conj/Tloc      ##......     54%         4    #####..
 Fulminant Prism          Conj/Hex       ##........   54%         4    #####..


Dungeon Overview and Level Annotations

Branches:
Dungeon (3/15)

Altars:
Sif Muna

Annotations:
D:3 1 runed door


Message History

Confirm with . or Enter, or press ? or * to list all spells.
You don't know that spell.
Casting: Magic Dart (safe; 2% risk of failure)
Confirm with . or Enter, or press ? or * to list all spells.
You don't know that spell.
Casting: Magic Dart (safe; 2% risk of failure)
Confirm with . or Enter, or press ? or * to list all spells.
You don't know that spell.
Casting: Magic Dart (safe; 2% risk of failure)
Confirm with . or Enter, or press ? or * to list all spells.
You don't know that spell.
All of the chunks of flesh in your inventory have rotted away.
The orc shouts!
The orc completely misses you. The orc hits you with a morningstar!
* * * LOW HITPOINT WARNING * * *
The orc misses you. The orc completely misses you.
The orc hits you with a morningstar!
You die...

.##o.#.###...>..# ##...
...... #g.....# ##..
...#.. #......# #.<.
....%.####g.....# #.#.
.........o......######.#.
..#.....#..#.##..#..##...
...#.##.##.#.# #.#..#..).
. .. #)o#.#.# #.#..#...#
... ##@#.#.# #.#.....##
## #########......##
#..#...>.##
♣♣♣♣♣##.......##
♣♣♣.♣............#
♣.)♣........##...#
+.♣♣♣♣......###...###. #♣
♣♣.....####....#.
♣♣##............


You could see an orc.

Vanquished Creatures
  An iguana (D:3)
  Ijyb (D:3)
  An orc wizard (D:3)
  An ooze (D:2)
  3 worms (D:2)
  4 dart slugs
  2 leopard geckos
  5 orcs (D:3)
  4 giant cockroaches
  4 goblins
  13 hobgoblins
  8 kobolds
  A ball python (D:2)
  7 bats
  4 frilled lizards
  7 rats
66 creatures vanquished.

Vanquished Creatures (others)
  4 toadstools (D:1)
4 creatures vanquished.

Grand Total: 70 creatures vanquished

Notes
Turn   | Place    | Note
-------+----------+-------------------------------------------
     0 | D:1      | SilentRunner the Human Conjurer began the quest for the
                  | Orb.
     0 | D:1      | Reached XP level 1. HP: 13/13 MP: 3/3
   294 | D:1      | Reached XP level 2. HP: 11/19 MP: 0/5
   695 | D:1      | Reached XP level 3. HP: 23/24 MP: 2/6
  1509 | D:2      | Found a deep blue altar of Sif Muna.
  1539 | D:2      | Became a worshipper of Sif Muna the Loreminder
  1861 | D:2      | Reached XP level 4. HP: 21/30 MP: 7/7
  1941 | D:3      | Found a runed door.
  2005 | D:3      | Reached skill level 5 in Conjurations
  2818 | D:3      | Learned a level 2 spell: Searing Ray
  2823 | D:3      | Reached skill level 1 in Short Blades
  2823 | D:3      | Reached XP level 5. HP: 24/35 MP: 0/8
  2895 | D:3      | Noticed Ijyb
  2897 | D:3      | Paralysed by Ijyb for 6 turns
  2923 | D:3      | Killed Ijyb
  2923 | D:3      | Reached * piety under Sif Muna
  3075 | D:3      | Slain by an orc

Skill      XL: |  1  2  3  4 |
---------------+-------------+-----
Conjurations   | 5 |  5.2
Short Blades   | 1 |  1.7
Fighting       | |  0.3
Dodging        | |  2.4
Stealth        | |  2.8
Spellcasting   | |  2.7
Evocations     | |  0.1

Action                   |  1- 3 |  4- 6 || total
-------------------------+-------+-------++-------
Melee: Unarmed           |     1 |       ||     1
       Short sword       |    17 |    21 ||    38
 Cast: Magic Dart        |    86 |    74 ||   160
       Searing Ray       |       |     1 ||     1
Evoke: Wand              |       |     8 ||     8
  Use: Potion            |     1 |     1 ||     2
       Scroll            |       |     1 ||     1
 Stab: Paralysed         |       |     7 ||     7
       Sleeping          |       |     1 ||     1
  Eat: Chunk             |     3 |     6 ||     9
Armor: Robe              |     6 |     6 ||    12
Dodge: Dodged            |    34 |    86 ||   120
